 Dungeon Crawl Stone Soup version 0.25-a0-571-gb5e01bddfa (webtiles) character file.

Game seed: 17879792390651145656, levelgen mode: deterministic

54606 Flugslaktarn the Severer (level 14, -3/158 HPs)
             Began as a Deep Dwarf Fighter on Feb 29, 2020.
             Was the Champion of Makhleb.
             Slain by a salamander (8 damage)
             ... on level 2 of the Snake Pit.
             The game lasted 00:09:34 (10255 turns).

Flugslaktarn the Severer (Deep Dwarf Fighter)      Turns: 10255, Time: 00:09:34

Health: -3/158     AC: 20    Str: 27    XL:     14   Next: 35%
Magic:  1/15       EV:  7    Int:  8    God:    Makhleb [******]
Gold:   742        SH:  4    Dex: 12    Spells: 13/13 levels left

rFire    . . .     SeeInvis .   Q - +4 battleaxe (elec)
rCold    . . .     Gourm    .   (shield currently unavailable)
rNeg     + . .     Faith    .   u - +0 plate armour
rPois    +         Spirit   .   (no helmet)
rElec    .         Reflect  +   (no cloak)
rCorr    .         Harm     .   p - +2 pair of gloves
MR       ++...                  g - +0 pair of boots
Stlth    ..........             i - +4 amulet of reflection
HPRegen  0.00/turn              P - +3 ring of strength
MPRegen  0.14/turn              o - ring of poison resistance

@: lethally poisoned (-3 -> -11), non-regenerating, constricted
A: damage resistance, heal wounds, dopey 1, negative energy resistance 1, sense
surroundings 2, robust 2, no regeneration
a: Heal Wounds, Minor Destruction, Lesser Servant of Makhleb, Major Destruction,
Greater Servant of Makhleb, Renounce Religion


You were on level 2 of the Snake Pit.
You worshipped Makhleb.
Makhleb was exalted by your worship.
You were hungry.

You visited 4 branches of the dungeon, and saw 19 of its levels.
You also visited: Sewer.

You collected 910 gold pieces.
You spent 168 gold pieces at shops.

Inventory:

Hand Weapons
 s - a +2 vorpal war axe
   (You took it off a naga on level 3 of the Lair of Beasts)
 G - a +5 battleaxe
   (You took it off a wight on level 10 of the Dungeon)
 M - the +9 hand axe of Inest {vorpal, +Blink rF+ rC+ MR+}
   (You found it on level 3 of the Lair of Beasts)

   It inflicts extra damage upon your enemies.
   It protects you from fire.
   It protects you from cold.
   It affects your resistance to hostile enchantments.
   It lets you blink.
 Q - a +4 battleaxe of electrocution (weapon)
   (You found it on level 5 of the Lair of Beasts)
Missiles
 D - 3 throwing nets (quivered)
Armour
 g - a +0 pair of boots (worn)
   (You found it on level 6 of the Dungeon)
 p - a +2 pair of gloves (worn)
   (You found it on level 4 of the Dungeon)
 u - a +0 plate armour (worn)
   (You took it off an orc warrior on level 5 of the Dungeon)
Jewellery
 f - an uncursed ring of protection from fire
   (You found it on level 4 of the Dungeon)
 i - a +4 amulet of reflection (around neck)
   (You found it on level 1 of the Dungeon)
 j - an uncursed ring of protection from fire
   (You found it on level 6 of the Dungeon)
 o - a ring of poison resistance (right hand)
   (You found it in a sewer)
 P - a +3 ring of strength (left hand)
   (You found it on level 5 of the Lair of Beasts)
Wands
 l - a wand of enslavement (11)
   (You found it on level 5 of the Dungeon)
 E - a wand of clouds (8)
   (You found it on level 2 of the Lair of Beasts)
 I - a wand of iceblast (2)
   (You found it on level 2 of the Lair of Beasts)
 O - a wand of paralysis (5)
   (You found it on level 4 of the Lair of Beasts)
 R - a wand of acid (9)
   (You found it on level 6 of the Lair of Beasts)
Scrolls
 k - 6 scrolls of remove curse
 m - 4 scrolls of immolation
 r - 9 scrolls of identify
 t - 6 scrolls of teleportation
 v - 2 scrolls of fear
 z - a scroll of blinking
 C - a scroll of amnesia
 J - 2 scrolls of magic mapping
 K - a scroll of vulnerability
Potions
 d - 3 potions of might
 h - a potion of haste
 n - 2 potions of resistance
 q - 4 potions of curing
 w - 7 potions of heal wounds
 x - 2 potions of flight
 y - 3 potions of stabbing
 A - a potion of lignification
 B - 2 potions of mutation
 F - a potion of brilliance
 H - a potion of invisibility
Comestibles
 e - 27 rations


   Skills:
 + Level 10.2 Fighting
 * Level 15.9 Axes
 + Level 12.1 Armour
 - Level 4.7 Dodging
   Level 9.8 Shields
 + Level 13.2 Invocations


You had 13 spell levels left.
You didn't know any spells.
Your spell library was empty.

Dungeon Overview and Level Annotations

Branches:
Dungeon (10/15)            Temple (1/1) D:4            Lair (6/6) D:10
  Swamp (0/4) Lair:4        Snake (2/4) Lair:3        Slime (0/5) Lair:5
    Orc (0/2) D:9           Sewer (visited)

Altars:
Ashenzari
Cheibriados
Elyvilon
Fedhas
Gozag
Kikubaaqudgha
Makhleb
Nemelex Xobeh
Okawaru
Qazlal
Ru
Sif Muna
Uskayaw
Vehumet
Wu Jian
Xom
Yredelemnul
Zin

Shops:
D:4 [   D:5 !   D:9 !

Annotations:
D:7 1 runed translucent door, Flugslaktarn's ghost, novice DDFi
Lair:1 exclusion: 2 oklob plants
Lair:5 exclusion: 2 oklob plants


Innate Abilities, Weirdness & Mutations

You are resistant to damage.
You can heal yourself by infusing magical energy.
You resist negative energy. (rN+)
You passively map the area around you.
You do not regenerate.
You are dopey. (Int -2)
You are very robust. (+20% HP)


Message History

The naga mage hits you but does no damage.
* * * LOW HITPOINT WARNING * * *
The naga mage constricts you. The black mamba barely misses you.
The salamander hits you but does no damage.
You completely miss the naga mage.
The naga mage is severely wounded.
You closely miss the salamander.
You hit the black mamba but do no damage.
You feel sick.
The black mamba bites you but does no damage.
The naga mage gestures at you while chanting.
The poison arrow hits you!
You are more poisoned.
You partially resist.
* * * LOW HITPOINT WARNING * * *
The naga mage constricts you. The black mamba bites you!
* * * LOW HITPOINT WARNING * * *
You block the naga mage's attack. The naga mage constricts you.
The salamander hits you.
You are engulfed in flames!
You die...

* , ,, , , *
...[.......... , , *
............. * *
..........., , , * ,
......... ,,,
#......# * ,
,**####......#######
,,
,.........N........*
, ,,
........@)........
,........SN.)......
, ........†)........
,,..................
, ,
.................. ,
.................. ,
,.......<....(.....*
* ###########.......
* * * * .......


You could see a salamander, a black mamba and a naga mage.

Vanquished Creatures
  Nessos (Lair:6)
  Snorg (Lair:3)
  A hydra (D:8)
  The ghost of Libboc the Eclecticist, a journeyman DEFE of Vehumet (Lair:5)
  Erolcha (D:9)
  A catoblepas (Lair:6)
  3 two-headed ogres
  4 death yaks (Lair:4)
  Sonja (Lair:3)
  A naga sharpshooter (Snake:1)
  2 lindwurms (Lair:6)
  A naga ritualist (Snake:2)
  3 mana vipers (Snake:2)
  A naga mage (Snake:2)
  A torpor snail (Lair:5)
  7 elephants (Lair:4)
  A gargoyle (D:10)
  9 black mambas
  21 spiny frogs
  2 rime drakes
  7 komodo dragons
  5 tyrant leeches (Lair:6)
  29 blink frogs
  A hornet (D:9)
  2 dream sheep (D:8)
  A polar bear (Lair:6)
  2 hippogriffs
  25 yaks
  2 wyverns
  6 basilisks
  2 hungry ghosts
  A steam dragon (D:10)
  5 vampire mosquitoes (Lair:6)
  10 nagas
  2 swamp worms (Lair:4)
  14 water moccasins
  6 porcupines
  6 orc warriors
  A swamp drake (D:9)
  Purgy (Sewer)
  2 ice beasts (D:8)
  A phantom (D:5)
  3 sky beasts
  2 black bears
  6 wolves
  A centaur (D:6)
  An ogre (D:10)
  10 crocodiles
  4 big kobolds
  Blork the orc (D:6)
  24 bullfrogs
  5 scorpions
  A howler monkey (D:4)
  14 wights
  2 electric eels
  8 crimson imps
  2 bullfrog zombies
  6 orc priests
  A bullfrog skeleton (D:8)
  A gnoll shaman (D:10)
  12 orc wizards
  6 hounds
  4 jellies
  2 centaur skeletons
  An iguana (D:10)
  8 worker ants
  A hound skeleton (D:5)
  A howler monkey zombie (D:10)
  6 gnolls
  7 adders
  3 shadow imps
  An adder skeleton (D:5)
  An adder zombie (D:8)
  4 worms
  2 dart slugs
  7 leopard geckos
  42 orcs
  A bat (D:2)
  3 giant cockroaches
  2 goblins
  A hobgoblin (D:1)
  4 jackals
  6 kobolds
  6 quokkas
  5 ball pythons
  A frilled lizard (Sewer)
  A leopard gecko zombie (D:6)
  3 rats
  8 fungi
  6 plants
441 creatures vanquished.

Vanquished Creatures (collateral kills)
  6 hydras
  2 elephants (Lair:4)
  2 spiny frogs
  A komodo dragon (Lair:4)
  A blink frog (Lair:6)
  2 yaks (Lair:3)
  A vampire mosquito (Lair:6)
  A porcupine (Lair:1)
  A crocodile (Lair:4)
  2 bullfrogs (Lair:6)
19 creatures vanquished.

Vanquished Creatures (others)
  A komodo dragon (D:10)
  10 fungi
  46 plants
57 creatures vanquished.

Grand Total: 517 creatures vanquished

Notes
Turn   | Place    | Note
-------+----------+-------------------------------------------
     0 | D:1      | Flugslaktarn the Deep Dwarf Fighter began the quest for the
                  | Orb.
     0 | D:1      | Reached XP level 1. HP: 20/20 MP: 1/1
   164 | D:1      | Reached XP level 2. HP: 27/27 MP: 2/2
   284 | D:4      | Reached skill level 3 in Axes
   293 | D:4      | Found a staircase to the Ecumenical Temple.
   300 | D:4      | Noticed a howler monkey
   302 | D:4      | Reached XP level 3. HP: 28/33 MP: 3/3
   309 | D:4      | Reached XP level 4. HP: 29/42 MP: 4/4
   324 | D:4      | Reached skill level 4 in Axes
   324 | D:4      | Reached XP level 5. HP: 31/49 MP: 5/5
   339 | Temple   | Entered the Ecumenical Temple
   397 | Temple   | Became a worshipper of Makhleb the Destroyer
   613 | D:4      | Found Ulajim's Armour Shoppe.
   667 | D:4      | Found a glowing silver altar of Zin.
   676 | D:4      | Found a snail-covered altar of Cheibriados.
   734 | D:5      | Entered Level 5 of the Dungeon
   749 | D:5      | Reached skill level 1 in Invocations
   792 | D:5      | Reached XP level 6. HP: 48/56 MP: 4/6
   849 | D:5      | Noticed a water moccasin
   862 | D:5      | Reached skill level 5 in Axes
   874 | D:5      | Killed a water moccasin
   874 | D:5      | Reached XP level 7. HP: 32/63 MP: 6/6
  1008 | D:5      | Found Karphufang's Distillery.
  1063 | D:5      | Reached * piety under Makhleb
  1069 | D:5      | Reached skill level 5 in Shields
  1079 | D:5      | Reached skill level 5 in Armour
  1141 | D:5      | Found a white marble altar of Elyvilon.
  1203 | D:5      | Found a glowing drain.
  1213 | D:5      | Reached skill level 6 in Axes
  1220 | Sewer    | Entered a sewer
  1240 | Sewer    | Noticed Purgy
  1288 | Sewer    | Killed Purgy
  1527 | D:5      | Reached XP level 8. HP: 43/73 MP: 5/5
  1589 | D:5      | Gained mutation: You evolve. [potion of mutation]
  1589 | D:5      | Gained mutation: You are weak. (Str -2) [potion of
                  | mutation]
  1589 | D:5      | Gained mutation: Your movements are slightly less
                  | encumbered by armour. (ER -2) [potion of mutation]
  1590 | D:5      | Lost mutation: You are weak. (Str -2) [potion of mutation]
  1590 | D:5      | Lost mutation: You evolve. [potion of mutation]
  1590 | D:5      | Lost mutation: Your movements are slightly less encumbered
                  | by armour. (ER -2) [potion of mutation]
  1590 | D:5      | Gained mutation: You are robust. (+10% HP) [potion of
                  | mutation]
  1590 | D:5      | Gained mutation: You are dopey. (Int -2) [potion of
                  | mutation]
  1590 | D:5      | Gained mutation: You are very robust. (+20% HP) [potion of
                  | mutation]
  1642 | D:6      | Noticed Blork the orc
  1652 | D:6      | Killed Blork the orc
  1653 | D:6      | Reached skill level 7 in Axes
  1738 | D:6      | Reached ** piety under Makhleb
  2546 | D:7      | Reached skill level 5 in Invocations
  2582 | D:7      | Reached skill level 5 in Fighting
  2585 | D:7      | Found a runed translucent door.
  2585 | D:7      | Noticed Flugslaktarn's ghost (novice DDFi)
  2680 | D:7      | Reached skill level 8 in Axes
  2680 | D:7      | Gained mutation: You passively map the area around you.
                  | [Deep Dwarf growth]
  2680 | D:7      | Reached XP level 9. HP: 62/97 MP: 5/7
  2801 | D:7      | Found a shattered altar of Ashenzari.
  2805 | D:7      | Found a shimmering blue altar of Sif Muna.
  2810 | D:7      | Found a radiant altar of Vehumet.
  2824 | D:7      | Found a sparkling altar of Nemelex Xobeh.
  3343 | D:8      | Found a shimmering blue altar of Sif Muna.
  3412 | D:8      | Reached *** piety under Makhleb
  3419 | D:8      | Reached skill level 9 in Axes
  3457 | D:8      | Noticed a two-headed hydra
  3460 | D:8      | Killed a one-headed hydra
  3460 | D:8      | Reached XP level 10. HP: 97/109 MP: 9/9
  3638 | D:8      | Found an iron altar of Okawaru.
  3642 | D:8      | Found an opulent altar of Gozag.
  3647 | D:8      | Found a basalt altar of Yredelemnul.
  3827 | D:9      | Reached skill level 10 in Axes
  3888 | D:9      | Found Xosk's Distillery.
  3896 | D:9      | Bought a potion of haste for 120 gold pieces
  3896 | D:9      | Bought a potion of might for 48 gold pieces
  3980 | D:9      | Noticed Erolcha
  3987 | D:9      | Killed Erolcha
  4033 | D:9      | Noticed a two-headed ogre
  4046 | D:9      | Killed a two-headed ogre
  4122 | D:9      | Reached **** piety under Makhleb
  4152 | D:9      | Reached skill level 11 in Axes
  4181 | D:9      | Found a staircase to the Orcish Mines.
  4381 | D:9      | Noticed a two-headed ogre
  4391 | D:9      | Killed a two-headed ogre
  4391 | D:9      | Reached XP level 11. HP: 81/120 MP: 11/11
  4649 | D:10     | Entered Level 10 of the Dungeon
  4946 | D:10     | Found a staircase to the Lair.
  5252 | D:10     | Noticed a two-headed ogre
  5265 | D:10     | Killed a two-headed ogre
  5265 | D:10     | Reached skill level 1 in Dodging
  5283 | D:10     | Paralysed by fainting for 5 turns
  5322 | D:10     | Reached ***** piety under Makhleb
  5428 | Lair:1   | Entered Level 1 of the Lair of Beasts
  5541 | Lair:1   | Reached skill level 12 in Axes
  5579 | Lair:1   | Noticed an oklob plant
  5579 | Lair:1   | Noticed an oklob plant
  5789 | Lair:1   | Noticed a five-headed hydra
  5801 | Lair:1   | Killed a six-headed hydra
  5919 | Lair:1   | Noticed an eight-headed hydra
  5930 | Lair:1   | Killed a 13-headed hydra
  6194 | Lair:2   | Reached skill level 10 in Invocations
  6251 | Lair:2   | Reached XP level 12. HP: 107/132 MP: 13/13
  6764 | Lair:3   | Reached skill level 13 in Axes
  6790 | Lair:3   | Noticed an eight-headed hydra
  6814 | Lair:3   | Killed an eight-headed hydra
  6814 | Lair:3   | Reached skill level 10 in Armour
  6859 | Lair:3   | Noticed Snorg
  6876 | Lair:3   | Killed Snorg
  6999 | Lair:3   | Got a twisted hand axe
  7000 | Lair:3   | Identified the +9 hand axe of Inest {vorpal, +Blink rF+ rC+
                  | MR+} (You found it on level 3 of the Lair of Beasts)
  7062 | Lair:3   | Found a snail-covered altar of Cheibriados.
  7323 | Lair:3   | Found a staircase to the Snake Pit.
  7487 | Lair:3   | Noticed Sonja
  7493 | Lair:3   | Killed Sonja
  7666 | Lair:4   | Noticed a seven-headed hydra
  7683 | Lair:4   | Killed a nine-headed hydra
  8030 | Lair:4   | Reached XP level 13. HP: 144/144 MP: 14/14
  8144 | Lair:4   | Reached skill level 14 in Axes
  8326 | Lair:4   | Found a staircase to the Swamp.
  8684 | Lair:5   | Found a runed translucent door.
  8687 | Lair:5   | Noticed Libboc's ghost (journeyman DEFE)
  8698 | Lair:5   | Killed Libboc's ghost
  8769 | Lair:5   | Found a staircase to the Slime Pits.
  9230 | Lair:6   | Entered Level 6 of the Lair of Beasts
  9244 | Lair:6   | Noticed Nessos
  9271 | Lair:6   | Killed Nessos
  9384 | Lair:6   | Reached skill level 15 in Axes
  9528 | Lair:6   | Gained mutation: You resist negative energy. (rN+) [Deep
                  | Dwarf growth]
  9528 | Lair:6   | Reached XP level 14. HP: 69/156 MP: 15/15
  9724 | Lair:6   | Reached skill level 10 in Fighting
  9800 | Lair:6   | Reached ****** piety under Makhleb
 10185 | Snake:1  | Entered Level 1 of the Snake Pit
 10255 | Snake:2  | HP: 5/158 [black mamba (9)]
 10255 | Snake:2  | Slain by a salamander

Levels and vault maps discovered:
D:1:      dpeg_arrival_three_same_balls, layout_basic
D:2:      layout_rooms, overflow_temple_1_default, serial_curves,
          eino_curves_03, eino_curves_03, minmay_misc_feat_iff, uniq_natasha
D:3:      layout_basic, grunt_dithmenos_smoke, tso_altar
D:4:      layout_rooms, kennysheep_slug_shrine, zin_statuary,
          minmay_temple_entry_grid, serial_shops,
          nicolae_shop_temple_entry_statues_fountains
D:5:      layout_rooms, nicolae_overflow_crystal_walls, serial_shops,
          kennysheep_mini, gup_sewer_entry_bubbles, first_ration
D:6:      kennysheep_spiral_hall, layout_basic, minmay_misc_feat_nine_boxes,
          chequers_avenue, kennysheep_boxes, uniq_blork_the_orc
D:7:      layout_loops_ring, kennysheep_little_box, grunt_temple_overflow_open,
          hellmonk_ghost_happy_afterlife
D:8:      layout_rooms, minmay_overflow_temple_star_quad, basic_altar,
          hangedman_ranch [blue_anna_fruit_fields]
D:9:      layout_irregular_city, erik_orc_1, serial_shops, shop, uniq_erolcha
D:10:     cheibrodos_fzero, layout_basic, david_lair_shrubbed
Temple:   compressed_dpeg_triangle_lava_temple
Lair:1:   layout_regular_city, minmay_lair_oklob_chamber
Lair:2:   layout_hall_layers, hangedman_lair_generics_rect,
          infiniplex_staircase_pool_2, grunt_megastairs_1
Lair:3:   layout_small_grid, minmay_snake_entry_guardpost_medium, basic_altar,
          uniq_sonja, uniq_snorg
Lair:4:   layout_regular_city, minmay_swamp_entry_worms, serial_bayou_crossing
Lair:5:   layout_loops_ring, minmay_slime_entry_oklob_open,
          ebering_ghost_inner_flame
Lair:6:   minmay_lair_end_frog_pond, layout_misc_corridors, uniq_nessos
Snake:1:  layout_misc_corridors
Snake:2:  layout_grid_maze

Skill      XL: |  1  2  3  4  5  6  7  8  9 10 11 12 13 14 |
---------------+-------------------------------------------+-----
Axes           | 3 4 5 6 8 9 11 12 13 15 | 15.9
Fighting       | 3 4 5 6 7 8 9 10 | 10.2
Armour         | 4 5 6 7 8 9 10 11 12 | 12.1
Shields        | 4 5 6 7 8 9 |  9.8
Invocations    | 1 2 3 5 7 8 10 11 12 13 | 13.2
Dodging        | 3 4 |  4.7

Action                   |  1- 3 |  4- 6 |  7- 9 | 10-12 | 13-15 || total
-------------------------+-------+-------+-------+-------+-------++-------
Melee: War axe           |    58 |   107 |   481 |   343 |       ||   989
       Falchion          |       |       |     3 |     8 |       ||    11
       Battleaxe         |       |       |       |   241 |   328 ||   569
       Hand axe          |       |       |       |   156 |   102 ||   258
Invok: Lesser Servant of |       |       |       |     8 |     3 ||    11
 Abil: Heal Wounds       |     1 |     4 |    16 |    10 |     9 ||    40
Evoke: Wand              |       |       |       |     4 |       ||     4
  Use: Scroll            |       |       |    14 |     6 |     8 ||    28
       Potion            |       |       |     2 |       |       ||     2
 Stab: Distracted        |       |       |       |       |     1 ||     1
  Eat: Chunk             |       |       |     9 |    17 |     7 ||    33
       Ration            |       |       |     1 |     1 |       ||     2
Armor: Scale mail        |    33 |    71 |   207 |       |       ||   311
       Plate armour      |       |       |    49 |   397 |   316 ||   762
Dodge: Dodged            |    35 |    35 |   177 |   220 |   217 ||   684
Block: Kite shield       |    46 |    80 |   355 |   380 |    75 ||   936
       Reflection        |       |       |     4 |     7 |     2 ||    13
       Other             |       |       |       |    54 |    67 ||   121
       Rpst.: Falchion   |       |       |       |     1 |       ||     1

Table legend:
 A = Non-vault XP
 B = Vault XP
 C = Vault XP percentage of total XP
 D = Non-vault monster count
 E = Vault monster count
 F = Vault count percentage of total count
                 A         B        C        D         E       F
            +---------+---------+-------+---------+---------+-------
      Total |   50308 |   27701 |  35.5 |     309 |     138 |  30.9
            +---------+---------+-------+---------+---------+-------
        D:1 |      14 |       0 |   0.0 |       7 |       0 |   0.0
        D:2 |       3 |       0 |   0.0 |       2 |       0 |   0.0
        D:3 |      14 |       0 |   0.0 |       5 |       0 |   0.0
        D:4 |     264 |       4 |   1.5 |      16 |       1 |   5.9
        D:5 |    1187 |      18 |   1.5 |      33 |       6 |  15.4
        D:6 |     459 |     181 |  28.3 |      16 |       5 |  23.8
        D:7 |    1185 |       0 |   0.0 |      26 |       0 |   0.0
        D:8 |     765 |    2176 |  74.0 |      22 |       8 |  26.7
        D:9 |    3804 |    1522 |  28.6 |      22 |      18 |  45.0
       D:10 |    2314 |    1486 |  39.1 |      23 |      16 |  41.0
     Lair:1 |    4820 |     173 |   3.5 |      20 |       2 |   9.1
     Lair:2 |    2872 |    2760 |  49.0 |      13 |      11 |  45.8
     Lair:3 |    2810 |    2346 |  45.5 |      13 |       6 |  31.6
     Lair:4 |   13029 |     317 |   2.4 |      36 |       2 |   5.3
     Lair:5 |    2495 |    1383 |  35.7 |      13 |       2 |  13.3
     Lair:6 |    7784 |   15186 |  66.1 |      26 |      56 |  68.3
    Snake:1 |    2230 |       0 |   0.0 |       6 |       0 |   0.0
    Snake:2 |    4259 |       0 |   0.0 |      10 |       0 |   0.0
      Sewer |       0 |     149 | 100.0 |       0 |       5 | 100.0
            +---------+---------+-------+---------+---------+-------
